 Dungeon Crawl Stone Soup version 0.28-a0-863-g8cecda6153 (webtiles) character file.

Game seed: 2062530218140555430

6180 sanka the Grappler (level 10, -1/80 (81) HPs)
             Began as a Palentonga Abyssal Knight on Nov 16, 2021.
             Was an Elder of Lugonu.
             Slain by an orc warrior (11 damage)
             ... on level 9 of the Dungeon.
             The game lasted 00:22:54 (15098 turns).

sanka the Grappler (Palentonga Abyssal Knight)     Turns: 15098, Time: 00:22:54

HP:   -1/80 (81)    AC: 13    Str: 16    XL:     10   Next: 60%
MP:   17/17         EV:  9    Int: 13    God:    Lugonu [****..]
Gold: 401           SH:  0    Dex: 12    Spells: 4/11 levels left

rFire   . . .      SeeInvis +     - Unarmed
rCold   + . .      Faith    .   (no shield)
rNeg    . . .      Spirit   .   s - +2 robe {Will+}
rPois   .          Reflect  .   (no helmet)
rElec   .          Harm     .   (no cloak)
rCorr   .          Rampage  .   (no gloves)
Will    +....                   (no barding)
Stlth   +.........              (no amulet)
HPRegen 0.23/turn               t - ring of protection from cold
MPRegen 0.15/turn               r - ring of flight

@: about to teleport, flying, lightly drained, curled up
A: large, rugged brown scales 3, see invisible, deformed body, roll 1, armoured
tail, reflexive curl
a: Rolling Charge, Renounce Religion, Depart the Abyss, Bend Space, Banish,
Corrupt


You were on level 9 of the Dungeon.
You worshipped Lugonu.
Lugonu was greatly pleased with you.
You visited 1 branch of the dungeon, and saw 9 of its levels.
You visited the Abyss 1 time.

You collected 401 gold pieces.


Innate Abilities, Weirdness & Mutations

You are completely covered in rugged brown scales. (AC +3, +7% HP)
You have supernaturally acute eyesight. (SInv)
Armour fits poorly on your strangely shaped body.
You can roll at nearby foes to attack.
You have a long armoured tail.
You curl defensively after being hit. (AC +7*)


   Skills:
 - Level 6.0 Fighting
 - Level 2.3 Axes
 - Level 1.5 Armour
 - Level 0.7 Dodging
 - Level 12.0 Unarmed Combat
 + Level 1.1 Spellcasting
 + Level 1.2 Transmutations
 + Level 1.0 Air Magic
 - Level 10.0 Invocations


You had 4 spell levels left.
You knew the following spells:

 Your Spells              Type           Power      Damage    Failure   Level
y - Storm Form            Tmut/Air       1%         N/A       100%        7

Your spell library contained the following spells:

 Spells                   Type           Power      Damage    Failure   Level
 Blink                    Tloc           0%         N/A       38%         2
 Passage of Golubria      Tloc           0%         N/A       95%         4
 Silence                  Hex/Air        1%         N/A       99%         5
 Manifold Assault         Tloc           0%         N/A       100%        5
 Lehudib's Crystal Spear  Conj/Erth      0%         10d2      100%        8

Inventory:

Hand Weapons
 a - a +1 hand axe
 e - a +2 hand axe of freezing
 q - the +3 hand axe of the Pariah {protect, rC+}

   It grants its wielder temporary protection when it strikes (+7 to AC).
   rC:        It protects you from cold.
Missiles
 i - 26 poisoned darts
 j - 3 throwing nets {=f}
Armour
 s - a +2 robe of willpower (worn)
Magical Staves
 y - a staff of conjuration {!a}
 E - a staff of earth
Jewellery
 r - a ring of flight (right hand)
 t - a ring of protection from cold (left hand)
 z - a ring of fire
Wands
 m - a wand of iceblast (6)
 o - a wand of flame (22)
 p - a wand of polymorph (7)
 B - a wand of mindburst (3)
Scrolls
 b - a scroll of blinking
 d - 5 scrolls of teleportation {@r4}
 h - a scroll of immolation {!r}
 k - 3 scrolls of enchant armour
 l - 3 scrolls of magic mapping
 v - a scroll of torment {!r}
 w - a scroll of acquirement
 x - 3 scrolls of fear
 D - a scroll of holy word
 F - a scroll of enchant weapon {unknown}
Potions
 c - 6 potions of flight
 f - 2 potions of might
 g - a potion of curing {@q1}
 n - a potion of magic
 u - a potion of lignification {unknown}
 A - a potion of mutation {unknown}
 C - a potion of resistance {unknown}
Miscellaneous
 G - a lightning rod (4/4)

Dungeon Overview and Level Annotations

Branches:
Dungeon (9/15)             Temple (0/1) D:6            Lair (0/6) D:8
    Orc: D:9-12

Altars:
Cheibriados
Gozag
Kikubaaqudgha
Makhleb
Qazlal
Ru
Sif Muna
Vehumet
Wu Jian
Xom
Yredelemnul
The Shining One

Shops:
D:4 [=   D:5 [   D:7 :

Annotations:
D:2 Sigmund
D:6 Pikel

... ... o≈≈.o..o.... .o
▒S≈........ .. ###.o....
o ▒#≈#..... .▒.###o...
▒▒▒▒▒▒▒▒▒▒▒▒▒▒▒▒'.≈≈....
≈≈≈≈≈≈≈≈≈≈≈≈≈≈≈#≈≈8≈.▒o▒
≈≈≈≈≈≈≈≈≈≈≈≈≈≈≈≈H≈≈8.▒.▒
..........z.zoo......▒.▒
▒.▒▒▒▒.▒▒▒▒▒▒▒▒▒▒▒▒▒▒▒.▒
..▒▒▒..▒ ▒.▒▒ ......▒▒
▒..▒▒ ...▒▒▒ ▒▒..▒▒
...▒▒▒ ▒▒..▒▒ ......
...▒▒▒▒..▒▒▒▒▒▒ ...▒▒▒
▒.............


You could see an orc warrior, 2 wights, an orc wizard and 4 orcs.


Message History

* * * LOW HITPOINT WARNING * * *
The orc warrior hits you with a +0 trident!!
* * * LOW HITPOINT WARNING * * *
The orc warrior hits you from afar with a +0 trident!
* * * LOW HITPOINT WARNING * * *
The orc shouts!
You hear a shout!
You hear a shout!
You hear a shout!
You hear a shout!
You hear a bellow!
You hear a shout!
You hear a bellow!
You hear a shout!
You hear a shout!
You hear a bellow!
You hear a shout!
An electric eel comes into view.
The orc shouts!
The orc wizard shouts!
You hear a shout!
The orc wizard points at you and mumbles some strange words.
The puff of flame misses you.
An orc comes into view. It is wielding a +0 club.
An orc comes into view. It is wielding a +0 short sword.
The orc shouts!
As you read the scroll of teleportation {@r4}, it crumbles to dust.
You feel strangely unstable.
The orc warrior hits you from afar with a +0 trident!
You die...

Action                   |  1- 3 |  4- 6 |  7- 9 | 10-12 || total
-------------------------+-------+-------+-------+-------++-------
Melee: Hand axe          |   105 |   107 |    93 |       ||   305
       Tailslap          |     7 |     9 |    67 |    17 ||   100
       Punch             |     1 |     4 |    25 |     3 ||    33
       Unarmed           |       |       |   368 |    92 ||   460
Invok: Banish            |       |       |     2 |     3 ||     5
 Abil: Rolling Charge    |     2 |     2 |    10 |     1 ||    15
Evoke: Wand              |       |     4 |    14 |       ||    18
  Use: Scroll            |       |     4 |     4 |     5 ||    13
       Potion            |       |     3 |       |     1 ||     4
 Stab: Sleeping          |       |       |       |     1 ||     1
Armor: Leather armour    |    43 |    37 |    42 |       ||   122
       Robe              |       |       |   118 |    36 ||   154
Dodge: Dodged            |    55 |    46 |   170 |    28 ||   299

Levels and vault maps discovered:
D:1:      minmay_arrival_shoal_huts, layout_basic,
          minmay_misc_feat_secret_circle
D:2:      layout_rooms, basic_altar, dreamdust_ecumenical_altar_drowned_temple,
          uniq_natasha, uniq_sigmund
D:3:      cheibrodos_old_hovel, layout_rooms, yredelemnul_altar_generic,
          kennysheep_cross_room
D:4:      layout_basic, grunt_temple_overflow_lords_of_destruction,
          minmay_crystal_room, nicolae_wooded_promenade, uniq_eustachio,
          uniq_blork_the_orc, uniq_grinder, uniq_duvessa
D:5:      minmay_chambers_of_threes, layout_basic,
          gammafunk_temple_overflow_elements, serial_shops, shop,
          minmay_misc_feat_rows
D:6:      layout_loops_ring, nicolae_overflow_crystal_walls,
          mainiacjoe_overflow_alcove_2, kennysheep_little_box,
          minmay_temple_entry_offerings, minmay_lizard_king, uniq_menkaure,
          uniq_pikel
D:7:      layout_layer_cave, mainiacjoe_overflow_boulevard, grunt_decor_clamped,
          grunt_decor_arrowhead, grunt_ministairs_5, nicolae_shop_self_help
D:8:      layout_gridville, nicolae_tso_besieged_by_evil, david_lair_generic,
          minmay_quadrilaterals
D:9:      layout_roguey, overflow_temple_1_default, erik_orc_2

Notes
Turn   | Place    | Note
-------+----------+-------------------------------------------
     0 | Abyss:1  | sanka the Palentonga Abyssal Knight began the quest for the
                  | Orb.
     0 | Abyss:1  | Reached XP level 1. HP: 19/19 MP: 2/2
     9 | D:1      | Escaped the Abyss
   434 | D:1      | Reached skill level 1 in Unarmed Combat
   543 | D:1      | Reached XP level 2. HP: 18/25 MP: 3/3
   819 | D:1      | Reached skill level 2 in Unarmed Combat
  1377 | D:2      | Reached XP level 3. HP: 29/31 MP: 4/4
  1378 | D:2      | Reached ** piety under Lugonu
  1458 | D:2      | Found a faded altar of an unknown god.
  1485 | D:2      | Noticed Natasha
  1597 | D:2      | Killed Natasha
  1598 | D:2      | Reached skill level 3 in Unarmed Combat
  1752 | D:2      | Noticed Sigmund
  1834 | D:2      | Reached XP level 4. HP: 36/37 MP: 5/5
  2027 | D:2      | Found a sacrificial altar of Ru.
  2276 | D:1      | Reached skill level 4 in Unarmed Combat
  3110 | D:3      | Reached XP level 5. HP: 22/43 MP: 6/6
  3329 | D:3      | Found a basalt altar of Yredelemnul.
  3563 | D:4      | Found Wofuok's Jewellery Shoppe.
  3564 | D:4      | Found Gylat's Armour Shop.
  3596 | D:4      | Noticed an ogre
  3598 | D:4      | Noticed Eustachio
  3601 | D:4      | Killed Eustachio
  3602 | D:4      | Reached skill level 5 in Unarmed Combat
  3602 | D:4      | Reached XP level 6. HP: 50/50 MP: 7/7
  3608 | D:4      | Reached skill level 6 in Unarmed Combat
  4001 | D:4      | Noticed a water moccasin
  4024 | D:4      | Identified the +3 hand axe of the Pariah {protect, rC+}
  4092 | D:4      | HP: 5/50 [poisoned by a water moccasin]
  4092 | D:4      | HP: 2/50 [iguana (3)]
  4098 | D:4      | Killed a water moccasin
  4099 | D:4      | Reached skill level 7 in Unarmed Combat
  4099 | D:4      | Gained mutation: You curl defensively after being hit. (AC
                  | +7*) [Palentonga growth]
  4099 | D:4      | Reached XP level 7. HP: 10/55 MP: 8/8
  4760 | D:4      | Reached *** piety under Lugonu
  4916 | D:4      | Found a burning altar of Makhleb.
  4916 | D:4      | Found a radiant altar of Vehumet.
  5064 | D:4      | Noticed Grinder
  5068 | D:4      | Paralysed by Grinder for 5 turns
  5079 | D:4      | Paralysed by Grinder for 4 turns
  5084 | D:4      | Killed Grinder
  5085 | D:4      | Reached skill level 8 in Unarmed Combat
  5085 | D:4      | Reached skill level 3 in Invocations
  5396 | D:4      | Noticed Dowan
  5397 | D:4      | Noticed Duvessa
  5422 | D:4      | Killed Duvessa
  5423 | D:4      | Reached skill level 4 in Invocations
  5423 | D:4      | Reached XP level 8. HP: 44/62 MP: 9/11
  5430 | D:4      | Killed Dowan
  5666 | D:4      | Noticed Blork the orc
  5676 | D:4      | Killed Blork the orc
  5733 | D:5      | Entered Level 5 of the Dungeon
  5802 | D:5      | Found Byongur's Armour Boutique.
  5899 | D:5      | Reached skill level 5 in Invocations
  6194 | D:5      | Reached skill level 9 in Unarmed Combat
  6621 | D:5      | Found an ornate altar of the Wu Jian Council.
  6621 | D:5      | Found an opulent altar of Gozag.
  7115 | D:5      | Reached skill level 6 in Invocations
  7541 | D:5      | HP: 3/62 [orc warrior (20)]
  8049 | D:6      | Reached skill level 7 in Invocations
  8342 | D:6      | Reached XP level 9. HP: 66/67 MP: 14/14
  8366 | D:6      | Found a staircase to the Ecumenical Temple.
  8400 | D:6      | Learned a level 7 spell: Storm Form
  8430 | D:6      | Found an ancient bone altar of Kikubaaqudgha.
  8455 | D:6      | Reached **** piety under Lugonu
  8558 | D:6      | Reached skill level 8 in Invocations
  8798 | D:6      | Noticed Menkaure
  8798 | D:6      | Noticed Pikel
  9084 | D:6      | Identified a scroll of acquirement
  9281 | D:6      | Found a shimmering blue altar of Sif Muna.
  9383 | D:6      | Found a stormy altar of Qazlal.
  9412 | D:6      | Reached skill level 10 in Unarmed Combat
  9577 | D:6      | Killed Menkaure
 10285 | D:7      | Found Libeco Joko's Self-Improvement Boutique.
 10730 | D:7      | Found a shimmering altar of Xom.
 10795 | D:7      | Reached skill level 4 in Fighting
 10940 | D:7      | Reached skill level 11 in Unarmed Combat
 11467 | D:7      | Identified the +2 ring mail of the Comet {rPois Int+3}
 12063 | D:7      | Reached skill level 5 in Fighting
 12895 | D:8      | Noticed an elephant
 12940 | D:7      | Reached XP level 10. HP: 40/81 MP: 16/16
 13251 | D:8      | Reached skill level 6 in Fighting
 13312 | D:8      | Noticed a centaur warrior
 13330 | D:8      | Killed a centaur warrior
 13331 | D:8      | Reached skill level 12 in Unarmed Combat
 13816 | D:8      | Noticed a brown ugly thing
 13817 | D:8      | Banished a brown ugly thing
 13818 | D:8      | Reached skill level 9 in Invocations
 13888 | D:8      | Found a glowing golden altar of the Shining One.
 13993 | D:8      | Found a staircase to the Lair.
 14200 | D:8      | Banished an elephant
 14455 | D:8      | Reached skill level 10 in Invocations
 14824 | D:9      | Reached skill level 1 in Spellcasting
 14824 | D:9      | Reached skill level 1 in Transmutations
 15059 | D:9      | Found a snail-covered altar of Cheibriados.
 15072 | D:9      | Reached skill level 1 in Air Magic
 15079 | D:9      | HP: 1/80 [orc warrior (13)]
 15098 | D:9      | Slain by an orc warrior

Vanquished Creatures
  A centaur warrior (D:8)
  A troll (D:9)
  Grinder (D:4)
  A wyvern (D:8)
  Eustachio (D:4)
  A yak (D:7)
  2 basilisks
  A steam dragon (D:8)
  Menkaure (D:6)
  Duvessa (D:4)
  2 water moccasins
  A necrophage (D:7)
  4 ice beasts
  3 ogres
  4 centaurs
  2 lemures (D:5)
  A phantom (D:5)
  2 kobold brigands (D:6)
  Blork the orc (D:4)
  A bullfrog (D:8)
  2 scorpions
  A wyvern zombie (D:7)
  A wyvern skeleton (D:6)
  Dowan (D:4)
  A water moccasin skeleton (D:4)
  2 wights
  A howler monkey (D:7)
  A crimson imp (D:4)
  3 bullfrog zombies
  3 hounds
  A centaur skeleton (D:5)
  3 jellies
  A centaur zombie (D:8)
  5 orc priests
  A bullfrog skeleton (D:6)
  A scorpion zombie (D:5)
  Natasha (D:2)
  5 iguanas
  2 orc wizards
  11 gnolls
  5 adders
  5 shadow imps
  2 white imps
  5 ufetubi
  2 adder skeletons
  3 worms
  4 dart slugs
  33 orcs
  4 endoplasms
  3 giant cockroaches
  5 goblins
  5 hobgoblins
  4 jackals (D:4)
  2 quokkas
  A ball python (D:2)
  5 bats
  16 frilled lizards
  2 goblin skeletons (D:8)
  A goblin zombie (D:8)
  2 hobgoblin zombies (D:8)
  13 kobolds
  A kobold skeleton (D:8)
  An orc skeleton (D:8)
  8 rats
  A spectral goblin (D:2)
212 creatures vanquished.

Vanquished Creatures (others)
  14 plants
14 creatures vanquished.

Grand Total: 226 creatures vanquished
